 Dungeon Crawl Stone Soup version 0.22.1-1-ga44c0e5 (webtiles) character file.

770 topirishpotato the Cudgeler (level 7, -5/44 HPs)
             Began as a Gargoyle Fighter on Sept 24, 2018.
             Slain by a mummy (7 damage)
             ... in an ossuary.
             The game lasted 00:05:37 (3023 turns).

topirishpotato the Cudgeler (Gargoyle Fighter)      Turns: 3023, Time: 00:05:38

Health: -5/44      AC: 13    Str: 20    XL:     7   Next: 82%
Magic:  7/7        EV: 10    Int: 21    God:
Gold:   187        SH:  4    Dex: 11    Spells: 6/6 levels left

rFire    . . .     SeeInvis .   v - +6 whip "Ultimatum" {slash, Int+3}
rCold    x . .     Gourm    .   u - +0 buckler
rNeg     + . .     Faith    .   b - +0 scale mail
rPois    ∞         Spirit   .   (helmet restricted)
rElec    +         Reflect  .   q - +0 cloak
rCorr    .         Harm     .   (no gloves)
MR       ++...     Clarity  +   (no boots)
Stlth    ..........             (no amulet)
HPRegen  0.14/turn              t - +4 ring of intelligence
MPRegen  0.10/turn              w - ring of Roefi Hyi {rC- MR+ Int+4}

@: no status effects
A: horns 1, clarity, clever 1, magic resistance 1, negative energy resistance 1,
electricity resistance, unbreathing, petrification resistance, rot immunity, AC
+4
a: no special abilities


You were in an ossuary.
You were very hungry.

You visited 1 branch of the dungeon, and saw 6 of its levels.
You also visited: Ossuary.

You collected 187 gold pieces.

Inventory:

Hand Weapons
 a - a +0 flail
 e - a +2 mace of draining
 v - the +6 whip "Ultimatum" (weapon) {slash, Int+3}
   (You found it on level 5 of the Dungeon)

   It inflicts extra damage upon your enemies.
   It affects your intelligence (+3).
Armour
 b - a +0 scale mail (worn)
 c - a +0 shield
 q - a +0 cloak (worn)
 u - a +0 buckler (worn)
Jewellery
 t - a +4 ring of intelligence (left hand)
 w - the ring of Roefi Hyi (right hand) {rC- MR+ Int+4}
   (You found it on level 4 of the Dungeon)

   [ring of protection from magic]

   It affects your intelligence (+4).
   It makes you vulnerable to cold.
   It affects your resistance to hostile enchantments.
Wands
 o - a wand of random effects (18)
Scrolls
 h - a scroll of noise
 k - 2 scrolls of remove curse
 l - 3 scrolls of fog
 n - a scroll of teleportation {unknown}
 r - a scroll of identify
 s - a scroll of enchant armour {unknown}
Potions
 d - a potion of might
 g - a potion of curing {unknown}
 i - 2 potions of flight
 j - a potion of resistance {unknown}
 m - a potion of berserk rage {unknown}
 p - a potion of agility {unknown}
Comestibles
 f - 9 rations


   Skills:
 + Level 5.1 Fighting
 + Level 6.3 Maces & Flails
 + Level 5.2 Armour
 + Level 1.9 Dodging
 - Level 3.2 Shields


You had 6 spell levels left.
You didn't know any spells.
Your spell library was empty.

Dungeon Overview and Level Annotations

Branches:
Dungeon (6/15)             Temple (0/1) D:4

Altars:
Fedhas
Trog
Vehumet
Wu Jian

Shops:
D:5 %


Innate Abilities, Weirdness & Mutations

You are resistant to torment.
Your stone body is resilient. (AC +4)
You are immune to poison.
You resist negative energy. (rN+)
You are resistant to electric shocks. (rElec)
You can survive without breathing.
You are immune to petrification.
You are immune to rotting.
You have a pair of small horns on your head.
You possess an exceptional clarity of mind.
Your mind is acute. (Int +2)
You are resistant to hostile enchantments. (MR+)


Message History

Your scale mail prevents you from hitting the mummy.
Your headbutt misses the mummy.
The mummy is moderately damaged.
You block the orc zombie's attack. The mummy barely misses you.
You block the orc zombie's attack.
You hit the mummy.
The mummy is heavily damaged.
The hobgoblin zombie hits you but does no damage.
The big kobold zombie hits you but does no damage.
You whack the mummy!
The mummy is almost destroyed.
The mummy hits you!
* * * LOW HITPOINT WARNING * * *
The orc zombie hits you but does no damage.
You block the mummy's attack.
The hobgoblin zombie closely misses you.
The orc zombie hits you.
* * * LOW HITPOINT WARNING * * *
The mummy hits you!
You die...

... ##..## ....
...##....##....
...............
...............
.............
#........#
#...MM.# #.M@Z#
#.ZZZ# #..Z.#
#....# #....#
#....# #....#
#....# #.∩∩.#


You could see 3 mummies, a hobgoblin zombie, a kobold zombie, a big kobold
zombie and 2 orc zombies.

Vanquished Creatures
  Grinder (D:5)
  2 ice beasts (D:5)
  An ogre (D:4)
  Terence (D:3)
  An orc wizard (D:5)
  2 worker ants (D:4)
  A mummy (Ossuary)
  4 gnolls (D:3)
  5 adders
  An ooze (D:3)
  2 worms
  3 dart slugs
  4 leopard geckos
  5 orcs
  4 giant cockroaches
  8 goblins
  4 hobgoblins
  10 jackals
  2 quokkas
  6 bats
  6 frilled lizards
  14 kobolds
  3 orc zombies (Ossuary)
  9 rats
99 creatures vanquished.

Notes
Turn   | Place    | Note
-------+----------+-------------------------------------------
     0 | D:1      | topirishpotato the Gargoyle Fighter began the quest for the
                  | Orb.
     0 | D:1      | Reached XP level 1. HP: 14/14 MP: 1/1
   144 | D:1      | Reached XP level 2. HP: 19/19 MP: 2/2
   415 | D:1      | Reached XP level 3. HP: 23/23 MP: 3/3
   612 | D:2      | Reached skill level 3 in Maces & Flails
   901 | D:2      | Reached XP level 4. HP: 29/29 MP: 4/4
  1433 | D:3      | Gained mutation: You have a pair of small horns on your
                  | head. [potion of mutation]
  1433 | D:3      | Gained mutation: Your mind is acute. (Int +2) [potion of
                  | mutation]
  1433 | D:3      | Gained mutation: You possess an exceptional clarity of
                  | mind. [potion of mutation]
  1433 | D:3      | Gained mutation: You are resistant to hostile enchantments.
                  | (MR+) [potion of mutation]
  1571 | D:3      | Found a radiant altar of Vehumet.
  1612 | D:3      | Reached XP level 5. HP: 33/33 MP: 5/5
  1775 | D:3      | Reached skill level 4 in Maces & Flails
  2029 | D:3      | Found a bloodstained altar of Trog.
  2033 | D:3      | Found an ornate altar of the Wu Jian Council.
  2196 | D:3      | Noticed Terence
  2208 | D:3      | Killed Terence
  2208 | D:3      | Reached skill level 1 in Dodging
  2392 | D:3      | Found a blossoming altar of Fedhas.
  2427 | D:4      | Reached XP level 6. HP: 36/38 MP: 6/6
  2441 | D:4      | You fall through a shaft for 2 floors!
  2533 | D:5      | Entered Level 5 of the Dungeon
  2534 | D:5      | Noticed an ice beast
  2540 | D:5      | Killed an ice beast
  2579 | D:5      | Noticed Grinder
  2618 | D:5      | Killed Grinder
  2618 | D:5      | Reached skill level 5 in Maces & Flails
  2618 | D:5      | Reached skill level 5 in Armour
  2618 | D:5      | Reached XP level 7. HP: 38/44 MP: 7/7
  2709 | D:5      | Reached skill level 6 in Maces & Flails
  2848 | D:5      | Found Kedd's Food Boutique.
  2931 | D:5      | Got a bloodstained whip
  2932 | D:5      | Identified the +6 whip "Ultimatum" {slash, Int+3} (You
                  | found it on level 5 of the Dungeon)
  2966 | D:4      | Got a scintillating tin ring
  2976 | D:4      | Reached skill level 5 in Fighting
  2979 | D:4      | Identified the ring of Roefi Hyi {rC- MR+ Int+4} (You found
                  | it on level 4 of the Dungeon)
  2999 | D:4      | Found a sand-covered staircase.
  3003 | Ossuary  | Entered an ossuary
  3023 | Ossuary  | HP: 2/44 [orc zombie (1)]
  3023 | Ossuary  | Slain by a mummy

Skill      XL: |  1  2  3  4  5  6  7 |
---------------+----------------------+-----
Maces & Flails | 3 4 5 6 |  6.3
Armour         | 4 5 |  5.2
Fighting       | 4 5 |  5.1
Dodging        | 1 |  1.9
Shields        | |  3.2

Action                   |  1- 3 |  4- 6 |  7- 9 || total
-------------------------+-------+-------+-------++-------
Melee: Flail             |    16 |       |       ||    16
       Mace              |    60 |   136 |    26 ||   222
       Headbutt          |       |    13 |     6 ||    19
       Whip              |       |       |    22 ||    22
  Use: Scroll            |     2 |     4 |       ||     6
       Potion            |       |     1 |       ||     1
  Eat: Chunk             |       |     6 |       ||     6
Armor: Scale mail        |    45 |    76 |    40 ||   161
Dodge: Dodged            |    24 |    51 |    28 ||   103
Block: Shield            |    38 |    87 |     8 ||   133
       Buckler           |       |       |     8 ||     8
